[Event "Early-Titled-Tuesday-Blitz-January-23-2024"]
[Site "Chess.com"]
[Date "2024.01.23"]
[Round "8"]
[White "kleinebeer98"]
[Black "Msb2"]
[Result "1-0"]
[WhiteElo "2882"]
[BlackElo "3046"]
[TimeControl "180+1"]
[EndTime "9:28:02 PST"]
[Termination "kleinebeer98 won by checkmate"]

1. e4 e6 2. d4 d5 3. Nc3 Nf6 4. Bg5 dxe4 5. Nxe4 Be7 6. Bxf6 gxf6 7. Nf3 f5 8. Nc3 a6 9. g3 b5 10. Bg2 Bb7 11.
Qe2 c5 12. dxc5 Bxc5 13. Qe5 O-O 14. Qxc5 Nd7 15. Qd6 Nf6 16. Qxd8 Rfxd8 17. O-O Rac8 18. Rfd1 Rxd1+ 19. Rxd1 b4 20. Na4 Rxc2 21. Nd4 Rc7 22.
Bxb7 Rxb7 23. Nc5 Rb6 24. Kg2 Rd6 25. Rd3 a5 26. Ndb3 Rc6 27. Rd8+ Kg7 28. Ra8 Rd6 29. Rxa5 Rd1 30. Ra7 Kg6 31. Rb7 Rb1 32. Rxb4 Rxb2 33. a4 Nd5 34. Rd4 Ra2 35. Rd2 Ra3 36. a5 Nb4 37. Rd8 Ra2 38. Rb8 Nc6 39. Rb5 Ne5 40. Nxe6 Ng4 41. Nf4+ Kf6 42. Nd3 Ne3+ 43. Kf3 Nc4 44.
Rc5 Nd6 45. Rc6 Ke7 46. a6 Ne4 47. Nd4 Nd6 48. Nb4 Ra3+ 49. Kg2 Ra4 50. Nd5+ Kd7 51. Nb6+ Ke7 52. Nxa4 f4 53. Rxd6 f3+ 54. Kxf3 Kxd6 55. a7 Kd5 56. a8=Q+ Kc4 57. Qe4 Kb4 58. Qxh7 Ka3 59.
Qxf7 Kb4 60. Qb3+ Ka5 61. Qb5# 1-0

[Event "Early-Titled-Tuesday-Blitz-January-23-2024"]
[Site "Chess.com"]
[Date "2024.01.23"]
[Round "8"]
[White "Actuary44"]
[Black "Laico"]
[Result "0-1"]
[WhiteElo "2495"]
[BlackElo "2361"]
[TimeControl "180+1"]
[EndTime "9:28:02 PST"]
[Termination "Laico won by checkmate"]

1. e4 e6 2. d4 d5 3. e5 c5 4. dxc5 Nc6 5. f4 Bxc5 6. Nf3 Nge7 7. Bd3 Nb4 8. Nc3 Nxd3+ 9. Qxd3 a6 10. Be3 Bxe3 11.
Qxe3 Nf5 12. Qf2 b5 13. O-O-O b4 14. Ne2 a5 15. g4 Ne7 16. Ned4 Qb6 17. Qh4 a4 18.
Kb1 Qc5 19. Qg5 a3 20. Nb3 Qa7 21. bxa3 Qxa3 22. Nfd4 Qxa2+ 23. Kc1 Ba6 24. f5 Rc8 25. fxe6 fxe6 26. Rd2 Bc4 27. Kd1 Bxb3 28. Nxb3 Qb1+ 29. Nc1 b3 30. Qxg7 Rg8 31. Qxh7 b2 32. Ke2 bxc1=Q 33. Rxc1 Qxc1 34. h3 Qg1 35. Qh5+ Kd7 36. Qh7 Qg2+ 37. Kd1 Qf1# 0-1

[Event "Early-Titled-Tuesday-Blitz-January-23-2024"]
[Site "Chess.com"]
[Date "2024.01.23"]
[Round "8"]
[White "Felix-Rose"]
[Black "tolimachess"]
[Result "0-1"]
[WhiteElo "2306"]
[BlackElo "2474"]
[TimeControl "180+1"]
[EndTime "9:28:02 PST"]
[Termination "tolimachess won by resignation"]

1. Nf3 g6 2. e3 Bg7 3. Be2 e5 4. O-O d5 5. d4 e4 6. Nfd2 Ne7 7. c4 c6 8. Nc3 O-O 9. Qb3 a6 10. f3 exf3 11. Bxf3 dxc4 12. Qxc4 Be6 13. Qd3 c5 14. Bxb7 cxd4 15. Bxa8 dxc3 16. Qxd8 Rxd8 17. bxc3 Bxc3 18. Rb1 Nd7 19. Ne4 Be5 20. Ba3 Nf5 21. Bc6 Nxe3 22. Rfe1 Nc2 23. Be7 Re8 24. Bxd7 Rxe7 25.
Bxe6 Nxe1 26. Bc4 Bd4+ 27. Kf1 Nc2 28. Bd3 Ne3+ 29. Ke2 Nd5 30. Kd2 Nf4 31. g3 Nd5 32.
Ng5 Be3+ 33. Kc2 Bxg5 34. Bxa6 Ra7 35. Bc4 Ne3+ 36. Kd3 Nxc4 37. Rb8+ Kg7 38. Kxc4 Rxa2 39. h4 Bf6 40. Rb3 h5 41. Kd5 Re2 42. Kc4 Be5 43.
Kd3 Rg2 44. Ke4 Rxg3 45. Rb5 Bf6 0-1

[Event "Early-Titled-Tuesday-Blitz-January-23-2024"]
[Site "Chess.com"]
[Date "2024.01.23"]
[Round "8"]
[White "GMWSO"]
[Black "artooon"]
[Result "1-0"]
[WhiteElo "3114"]
[BlackElo "2986"]
[TimeControl "180+1"]
[EndTime "9:28:04 PST"]
[Termination "GMWSO won on time"]

1. d4 Nf6 2. c4 b6 3. Nc3 Bb7 4. Qc2 Nc6 5. Nf3 e6 6. e4 d6 7. d5 Ne7 8. Bd3 e5 9. Bg5 Ng6 10. Qa4+ Qd7 11. Qxd7+ Kxd7 12. Bxf6 gxf6 13. g3 a5 14. Bf1 Ke7 15. Bh3 h5 16. Nb5 Kd8 17. Ke2 h4 18. Bf5 Bc8 19. Bxg6 fxg6 20. Nxh4 Rh6 21. h3 Be7 22. Ng2 Bxh3 23. Ne3 Kd7 24. g4 Rah8 25. f3 Rh4 26. Rhg1 Bf8 27. Nc3 Bh6 28. Ncd1 Bf4 29. Nf2 Ke7 30. b3 Kf7 31. a3 Bxe3 32. Kxe3 f5 33. b4 fxg4 34. fxg4 Kf6 35. Rg3 Kg5 36. Rh1 axb4 37. axb4 Bxg4 38. Rhg1 1-0

[Event "Early-Titled-Tuesday-Blitz-January-23-2024"]
[Site "Chess.com"]
[Date "2024.01.23"]
[Round "8"]
[White "Al_Shima"]
[Black "inneremptiness"]
[Result "1-0"]
[WhiteElo "2298"]
[BlackElo "2845"]
[TimeControl "180+1"]
[EndTime "9:28:04 PST"]
[Termination "Al_Shima won by checkmate"]

1. d4 Nf6 2. Nc3 g6 3. e4 d6 4.
Bg5 Bg7 5. e5 dxe5 6. dxe5 Qxd1+ 7. Rxd1 Nfd7 8. f4 c6 9. Nf3 Nc5 10. Be2 Bf5 11. Nd4 Nbd7 12. Nxf5 gxf5 13. O-O f6 14.
Bh5+ Kf8 15. Bh4 a5 16. e6 Nb6 17. Bf2 Nba4 18. Nxa4 Nxa4 19. Rd7 Bh6 20. g3 Rg8 21. Kh1 c5 22. b3 Nb6 23. Rxb7 Nd5 24. Rd7 Nb6 25. Rb7 Nd5 26. Bxc5 Rc8 27. Ba3 Rxc2 28. Rd1 Rxa2 29. Rxd5 Rxa3 30. Rd8+ Kg7 31. Rxe7+ Kh8 32. Rxg8+ Kxg8 33. Rd7 Ra1+ 34. Kg2 Bf8 35. e7 Bxe7 36. Rxe7 Rb1 37. Ra7 Rb2+ 38. Kh3 Kf8 39. Bf7 Kg7 40. Bc4+ Kh6 41. Rxa5 Kg6 42. Ra8 Rb1 43. Rg8+ Kh5 44.
Bf7+ Kh6 45. Bc4 Rb2 46. Rb8 Kh5 47. b4 Rc2 48. Bf7+ Kh6 49. b5 Kg7 50. Be6 Kg6 51. b6 Rc8 52. Bxc8 Kh5 53. b7 h6 54. Bd7 Kg6 55.
Be8+ Kh7 56. Bh5 Kg7 57. Rc8 Kh7 58. Rc7+ Kg8 59. b8=Q# 1-0

[Event "Early-Titled-Tuesday-Blitz-January-23-2024"]
[Site "Chess.com"]
[Date "2024.01.23"]
[Round "8"]
[White "DrCeltic"]
[Black "Quattroporte300"]
[Result "1-0"]
[WhiteElo "2604"]
[BlackElo "2440"]
[TimeControl "180+1"]
[EndTime "9:28:04 PST"]
[Termination "DrCeltic won on time"]

1. e4 c5 2. Nf3 d6 3. d4 cxd4 4. Nxd4 Nf6 5. Nc3 a6 6. Be3 e6 7. g4 Be7 8. g5 Nfd7 9. h4 b5 10.
a3 Bb7 11. Qh5 O-O 12. Qg4 Nc6 13. g6 hxg6 14. Nxe6 fxe6 15. Qxe6+ Rf7 16. h5 Nf8 17. Qa2 gxh5 18. Rxh5 Ne5 19. O-O-O g6 20. Rh1 Bg5 21. f4 Bxf4 22. Bxf4 Qf6 23. Bxe5 dxe5 24. Bh3 Kg7 25. Nd5 Qg5+ 26. Kb1 Rd8 27. Rdg1 Qd2 28. Qb3 Bxd5 29.
exd5 Qxd5 30. Qe3 Qd4 31. Qg5 Rd5 32. Be6 Nxe6 33. Qxg6+ Kf8 34. Qxe6 1-0

[Event "Early-Titled-Tuesday-Blitz-January-23-2024"]
[Site "Chess.com"]
[Date "2024.01.23"]
[Round "8"]
[White "AttilaTurzo"]
[Black "KanalSzachowy"]
[Result "1-0"]
[WhiteElo "2504"]
[BlackElo "2341"]
[TimeControl "180+1"]
[EndTime "9:28:05 PST"]
[Termination "AttilaTurzo won on time"]

1. d4 Nf6 2. Bf4 d5 3. Nf3 e6 4. e3 c5 5. c3 Bd6 6. Nbd2 Bxf4 7. exf4 Nc6 8. dxc5 Qc7 9. g3 a5 10. Bb5 O-O 11. O-O Na7 12. Bd3 Qxc5 13. Nb3 Qc7 14.
Nbd4 Nc6 15. Re1 Re8 16. Ne5 Qb6 17. Qd2 a4 18. a3 Na5 19. Rad1 Nb3 20. Nxb3 axb3 21.
g4 Ra4 22. Qe3 d4 23. cxd4 Nd5 24. Qe4 g6 25. g5 Rxd4 26. Qf3 Rxf4 27. Qg3 h5 28. Be4 h4 29. Qg2 Qc7 30. Nd3 h3 31. Qg3 Rxe4 32. Rxe4 Qc2 33. Ree1 1-0

[Event "Early-Titled-Tuesday-Blitz-January-23-2024"]
[Site "Chess.com"]
[Date "2024.01.23"]
[Round "8"]
[White "Chernov_Mikhail"]
[Black "Zallio"]
[Result "0-1"]
[WhiteElo "2323"]
[BlackElo "2211"]
[TimeControl "180+1"]
[EndTime "9:28:05 PST"]
[Termination "Zallio won by resignation"]

1. e4 e6 2. d3 d5 3. Nd2 Nf6 4. Ngf3 c5 5. g3 Nc6 6. Bg2 Be7 7. O-O h5 8. h4 O-O 9. Re1 Bd7 10. e5 Ng4 11.
Nf1 d4 12. N1h2 Qc7 13. Bf4 Nxh2 14. Nxh2 g6 15. g4 Bxh4 16. gxh5 g5 17. Qg4 f6 18.
Nf3 f5 19. Qh3 Kh7 20. Nxh4 gxh4 21. Qxh4 Qd8 22. Bg5 Qe8 23. Kh2 Rf7 24. f4 Ne7 25. Bf3 Bc6 26. Rf1 Nd5 27. Rg1 Ne3 28. Rg3 Bxf3 29.
Rxf3 Ng4+ 30. Kh3 Qc6 31. Raf1 Rg8 32. h6 Rg6 33. Rg3 Ne3 34. Rfg1 Ng4 35. Rxg4 fxg4+ 36. Qxg4 c4 37. dxc4 Qxc4 38. Rg2 d3 39. cxd3 Qxd3+ 40. Kh4 Rf5 41. a3 b5 42. Qg3 Qe4 43. Rd2 Rgxg5 44. Rd7+ Kxh6 45. Qxg5+ Rxg5 0-1

[Event "Early-Titled-Tuesday-Blitz-January-23-2024"]
[Site "Chess.com"]
[Date "2024.01.23"]
[Round "8"]
[White "LuminaryHunter"]
[Black "maurovargas01"]
[Result "1-0"]
[WhiteElo "2177"]
[BlackElo "1847"]
[TimeControl "180+1"]
[EndTime "9:28:05 PST"]
[Termination "LuminaryHunter won on time"]

1. e4 c5 2. Nf3 Nf6 3. Nc3 d6 4. Bc4 e6 5. d3 Bd7 6. Bg5 Be7 7. O-O Nc6 8. Re1 O-O 9. a3 a6 10. a4 Rb8 11. Qd2 b5 12. axb5 axb5 13. Nxb5 Nb4 14. Bxf6 Bxf6 15. Nxd6 Bc6 16. c3 Qxd6 17. e5 Qd8 18. exf6 Nd5 19. fxg7 Kxg7 20. Ne5 Bb7 21. Bxd5 Qxd5 22. Qg5+ Kh8 23. Qf6+ Kg8 24. Re4 Qxe4 25. dxe4 Bxe4 26. Ng4 h5 27. Qg5+ Bg6 28. Nf6+ Kg7 29. Qe5 Kh6 30. f4 Rh8 31. g4 hxg4 32. Nxg4+ Kh7 33. Nf6+ Kh6 34. Re1 1-0

[Event "Early-Titled-Tuesday-Blitz-January-23-2024"]
[Site "Chess.com"]
[Date "2024.01.23"]
[Round "8"]
[White "Grischuk"]
[Black "alexrustemov"]
[Result "1/2-1/2"]
[WhiteElo "3070"]
[BlackElo "2894"]
[TimeControl "180+1"]
[EndTime "9:28:07 PST"]
[Termination "Game drawn by repetition"]

1. d4 d5 2. Nf3 Nf6 3. Bf4 c5 4.
e3 Nc6 5. Nbd2 Bg4 6. c3 e6 7. Qb3 Qc8 8. Nh4 Be7 9. h3 Bh5 10. g4 Bg6 11. Nxg6 hxg6 12. Be2 a6 13. a3 b5 14. Qd1 Qb7 15. Bd3 c4 16. Bc2 a5 17. Qf3 b4 18. axb4 axb4 19. Rxa8+ Qxa8 20. O-O O-O 21. e4 bxc3 22. bxc3 Qa2 23. Bb1 Qb2 24.
g5 Nh5 25. exd5 exd5 26. Be3 Rd8 27. Nxc4 Qxc3 28. Rc1 Nxd4 29. Qd1 Qb3 30. Ne5 Qxd1+ 31. Rxd1 Ne2+ 32. Kf1 Nc3 33. Rc1 Nxb1 34. Rxb1 Bd6 35.
Nd3 f6 36. Rb5 Be7 37. h4 Rd7 38.
Ke2 Kf7 39. Kf3 Ke6 40. Kg4 fxg5 41. hxg5 d4 42. Bd2 Rd5 43. Rb6+ Rd6 44. Rb5 Rd5 45. Rb6+ Rd6 46. Rb5 Rd5 1/2-1/2

[Event "Early-Titled-Tuesday-Blitz-January-23-2024"]
[Site "Chess.com"]
[Date "2024.01.23"]
[Round "8"]
[White "Grossboss19"]
[Black "Anton_Demchenko"]
[Result "0-1"]
[WhiteElo "2571"]
[BlackElo "2911"]
[TimeControl "180+1"]
[EndTime "9:28:09 PST"]
[Termination "Anton_Demchenko won on time"]

1. d4 Nf6 2. c4 d6 3. Nc3 e5 4.
dxe5 dxe5 5. Qxd8+ Kxd8 6. Nf3 Nc6 7. Bg5 Be6 8. O-O-O+ Kc8 9. Nd5 Nd7 10. e4 f6 11. Be3 Bc5 12. Be2 a5 13. a3 a4 14. Rd2 Bxe3 15. Nxe3 Nc5 16. Bd3 Nb3+ 17. Kc2 Nxd2 18. Kxd2 Rd8 19. Kc3 Nd4 20. Nd5 Nb3 21. Bc2 Nc5 22. Nd2 b6 23. f3 Kb7 24. Rd1 c6 25.
Ne3 Rd7 26. Nb1 Rxd1 27. Nxd1 b5 28. Ne3 Kb6 29. Nd2 Rd8 30. h4 h5 31. Ndf1 Rd4 32.
Nd2 g5 33. g3 Rd8 34. Ndf1 gxh4 35. gxh4 Rg8 36. Kd2 bxc4 37. Kc3 Rg1 38. Nd2 Rh1 39. Nexc4+ Kc7 40. Kb4 Nb3 41. Bxb3 axb3 42. Kxb3 Rxh4 43. Kc2 Rh1 44. Kd3 h4 45. Ke2 Rg1 46. Kf2 Rg8 47.
Ne3 c5 48. b4 h3 49. Ndf1 c4 50. a4 c3 51. a5 Bb3 52. b5 c2 53. Nxc2 Bxc2 54. Ng3 h2 0-1

[Event "Early-Titled-Tuesday-Blitz-January-23-2024"]
[Site "Chess.com"]
[Date "2024.01.23"]
[Round "8"]
[White "otrov-11"]
[Black "grzechu96"]
[Result "0-1"]
[WhiteElo "2509"]
[BlackElo "2687"]
[TimeControl "180+1"]
[EndTime "9:28:10 PST"]
[Termination "grzechu96 won by resignation"]

1. d4 d5 2. c4 e6 3. g3 dxc4 4. Nf3 c5 5. Bg2 Nc6 6. O-O cxd4 7. Qa4 Bd7 8. Qxc4 Rc8 9. Nxd4 Nf6 10. Nxc6 Bxc6 11. Bxc6+ Rxc6 12. Qa4 Bc5 13. Nc3 O-O 14. Bg5 Qd4 15. Rad1 Qxa4 16. Nxa4 Be7 17. Nc3 Bb4 18. Rd3 Bxc3 19. bxc3 Ne4 20. Bd2 Nc5 21. Rd4 b6 22.
f3 f6 23. Rd1 Rc7 24. Be1 Kf7 25. Kf2 Ke7 26. h4 e5 27. Rd5 Ne6 28. c4 Rd8 29.
Bb4+ Ke8 30. Rd6 Rxd6 31. Rxd6 Nd4 32. e3 Nc2 33. Bd2 Ke7 34. Rd3 Rxc4 35. f4 e4 36. Rc3 Rxc3 37. Bxc3 h5 38. Ke2 Ke6 39. Kd2 Na3 40. Bb4 Nb5 41. Bf8 g6 42. Kc2 Nc7 43. Kb3 Nd5 44. Kc4 Nxe3+ 45. Kb5 Nd5 46. Ka6 e3 0-1

[Event "Early-Titled-Tuesday-Blitz-January-23-2024"]
[Site "Chess.com"]
[Date "2024.01.23"]
[Round "8"]
[White "Kostukov_Alex"]
[Black "The_Straightforward_Rook"]
[Result "1-0"]
[WhiteElo "2303"]
[BlackElo "2480"]
[TimeControl "180+1"]
[EndTime "9:28:10 PST"]
[Termination "Kostukov_Alex won by resignation"]

1. g3 d5 2. Bg2 c6 3. d3 Nf6 4. e4 dxe4 5. dxe4 Qxd1+ 6. Kxd1 Na6 7. f3 Be6 8. Be3 O-O-O+ 9. Nd2 h5 10. Bh3 Nc7 11.
Bxa7 g5 12. Bxe6+ Nxe6 13. Bb6 Rd7 14. Ke2 h4 15. Nh3 Bh6 16. Nc4 g4 17. fxg4 hxg3 18.
hxg3 Nxe4 19. Ne5 Nxg3+ 20. Kf3 Nxh1 21. Nxd7 Kxd7 22. Rxh1 Bg7 23. c3 c5 24. a4 Kc6 25. a5 Ng5+ 26. Kg2 Nxh3 27. Rxh3 Rxh3 28. Kxh3 Bh6 29. c4 Be3 30. Kg3 Kd6 31. Kf3 Bd4 32. b4 e5 33. b5 f6 34. Ke4 Kd7 35. Kd5 Bf2 36. a6 bxa6 37. bxa6 Kc8 38. Bxc5 Bxc5 39. Kxc5 Kb8 40. Kd5 Ka7 41. c5 Kxa6 42. c6 Kb6 43. Kd6 e4 44. c7 e3 45. c8=Q e2 46. Qc1 e1=Q 47. Qxe1 1-0

[Event "Early-Titled-Tuesday-Blitz-January-23-2024"]
[Site "Chess.com"]
[Date "2024.01.23"]
[Round "8"]
[White "Horokoskii"]
[Black "Championnn-9"]
[Result "0-1"]
[WhiteElo "2063"]
[BlackElo "2580"]
[TimeControl "180+1"]
[EndTime "9:28:11 PST"]
[Termination "Championnn-9 won on time"]

1. d4 Nf6 2. c4 b6 3. Nc3 Bb7 4.
Nf3 e6 5. g3 Bb4 6. Bg2 O-O 7.
O-O Bxc3 8. bxc3 Ne4 9. Qc2 f5 10. Nd2 d5 11. a4 Nd7 12. Rb1 Rb8 13. Ba3 c5 14. a5 Rf7 15. Rb2 Ba6 16. cxd5 exd5 17.
f3 Nd6 18. Re1 Rc8 19. dxc5 bxc5 20. e4 fxe4 21. fxe4 Ne5 22. exd5 Nd3 23. Rbb1 Nxe1 24. Rxe1 Qxa5 25. Bb2 c4 26. Ne4 Qb6+ 27. Kh1 Re8 28. Re2 Rfe7 29. Ba3 Rxe4 30. Bxe4 Kh8 31. Bxd6 Qxd6 32.
Bf3 Rf8 33. Kg2 Bb7 34. Qd2 Qf6 35. Qe3 h6 36. Rf2 Qd6 37. Be2 Bxd5+ 38. Kg1 Rxf2 39.
Qxf2 Qe7 40. Qe3 Qxe3+ 0-1

[Event "Early-Titled-Tuesday-Blitz-January-23-2024"]
[Site "Chess.com"]
[Date "2024.01.23"]
[Round "8"]
[White "rionelG"]
[Black "PawnEatingZombie"]
[Result "0-1"]
[WhiteElo "2295"]
[BlackElo "2115"]
[TimeControl "180+1"]
[EndTime "9:28:12 PST"]
[Termination "PawnEatingZombie won on time"]

1. e4 e6 2. d4 d5 3. Nc3 Nf6 4. e5 Nfd7 5. f4 c5 6. Nf3 Nc6 7. Be3 Rb8 8. dxc5 Bxc5 9. Bxc5 Nxc5 10. Qd2 a6 11. O-O-O b5 12. f5 b4 13. Ne2 Ne4 14. Qe3 exf5 15. Nf4 Be6 16. Bd3 Qb6 17. Qxb6 Rxb6 18.
Rhe1 O-O 19. h3 Rc8 20. Kb1 a5 21. Rg1 a4 22. g4 fxg4 23. hxg4 a3 24. Bxe4 dxe4 25.
Ng5 Nxe5 26. Nfxe6 fxe6 27. Nxe4 Nc4 28. b3 Ne3 29.
Rd2 Rbc6 30. Rc1 Nd5 31. Rd4 Rf8 32. c4 bxc3 33. Rd3 c2+ 34. Ka1 Rf4 35. Nd2 Rxg4 36. Nc4 Rg2 37. Ne5 Rc3 38. Rxc3 Nxc3 39. Nd3 Rd2 0-1

[Event "Early-Titled-Tuesday-Blitz-January-23-2024"]
[Site "Chess.com"]
[Date "2024.01.23"]
[Round "8"]
[White "Jenia84"]
[Black "dianamirza"]
[Result "1-0"]
[WhiteElo "2306"]
[BlackElo "1994"]
[TimeControl "180+1"]
[EndTime "9:28:12 PST"]
[Termination "Jenia84 won by checkmate"]

1. e4 d5 2. exd5 Qxd5 3. Nf3 Qd8 4. Be2 Nf6 5. O-O Bg4 6. h3 Bxf3 7. Bxf3 c6 8. d4 e6 9. c4 Be7 10. Nc3 O-O 11. Bf4 Nbd7 12. d5 cxd5 13. cxd5 e5 14. Be3 Bc5 15. d6 Bxe3 16. fxe3 Qb6 17. Qd2 Rad8 18.
Kh2 Nc5 19. Rfd1 e4 20. Be2 Rfe8 21. Rac1 Re6 22. Nb5 a6 23. b4 Ncd7 24. Nc7 Re5 25. a4 a5 26. b5 Nc5 27. Qd4 Nfd7 28. Bg4 f5 29. Be2 Nxa4 30. Qxa4 Qxe3 31. Bc4+ Kh8 32. Qb3 Qf4+ 33. Qg3 Qh6 34. Nd5 Qxd6 35. Nf4 Qf6 36. Nh5 Qe7 37. Bb3 Rf8 38. Rc7 Rd5 39. Bxd5 Qe8 40. Bxe4 Qxh5 41. Rdxd7 fxe4 42. Qxg7# 1-0

[Event "Early-Titled-Tuesday-Blitz-January-23-2024"]
[Site "Chess.com"]
[Date "2024.01.23"]
[Round "8"]
[White "DeArron_Fox"]
[Black "jk13"]
[Result "0-1"]
[WhiteElo "2443"]
[BlackElo "2632"]
[TimeControl "180+1"]
[EndTime "9:28:13 PST"]
[Termination "jk13 won on time"]

1. d4 Nf6 2. c4 e6 3. Nf3 Bb4+ 4. Bd2 Bxd2+ 5. Qxd2 O-O 6. Nc3 d5 7. e3 Qe7 8. Bd3 dxc4 9. Bxc4 Rd8 10. O-O c5 11.
Rfd1 Nc6 12. Qe2 cxd4 13. exd4 b6 14. d5 exd5 15. Qxe7 Nxe7 16. Rd2 Be6 17. Rad1 Rdc8 18. Bb3 Rc5 19. h3 Kf8 20. Re1 Rac8 21. Nd4 Bd7 22. g4 h6 23. Kh2 Nc6 24. Nxc6 Bxc6 25. Kg3 Ne4+ 26. Nxe4 dxe4 27. Re3 Rc1 28. Rc2 Rxc2 29. Bxc2 Re8 30. Kf4 g5+ 31. Kg3 Re6 32. Rc3 Ke7 33.
b4 Kd6 34. Bb3 Rf6 35. a4 Ke5 36. b5 Ba8 37. Rc7 Rf3+ 38. Kg2 Rxb3 39. Rxa7 Bd5 40. Kf1 Rb2 41. Rd7 Ra2 42. Re7+ Kd4 0-1

[Event "Early-Titled-Tuesday-Blitz-January-23-2024"]
[Site "Chess.com"]
[Date "2024.01.23"]
[Round "8"]
[White "pfalcon1949"]
[Black "Ati1517"]
[Result "0-1"]
[WhiteElo "2034"]
[BlackElo "2229"]
[TimeControl "180+1"]
[EndTime "9:28:14 PST"]
[Termination "Ati1517 won by resignation"]

1. e4 c5 2. Nf3 d6 3. d4 cxd4 4. Nxd4 Nf6 5. Nc3 a6 6. h3 e5 7. Nf3 Be7 8. g4 Nc6 9. g5 Nd7 10. Be3 O-O 11. Qd2 b5 12. a3 Bb7 13. O-O-O Nc5 14.
Bg2 Re8 15. h4 b4 16. axb4 Nxb4 17. Kb1 Qa5 18. g6 Nxe4 19. gxf7+ Kxf7 20. Ng5+ Kg8 21. Bxe4 Bxe4 22. Ngxe4 d5 23. Bb6 Qxb6 24. Nxd5 Nxd5 25. Qxd5+ Kh8 26. Qf7 Rab8 27. b3 a5 28. Rhg1 g6 29. Rd7 a4 30. Rxe7 Rxe7 31. Qxe7 axb3 32. Qxe5+ Kg8 33.
Nf6+ Kf7 34. Qd5+ Kxf6 35. Qg5+ Kg7 36. Qe5+ Kg8 37. Qd5+ Kf8 38. cxb3 Qxb3+ 39. Qxb3 Rxb3+ 40. Kc2 Rf3 41. Rg2 Rf4 42. Rh2 Kg7 43. Kd2 Kh6 44. Ke2 Kh5 45. Ke3 Rxh4 46. Rxh4+ Kxh4 47. Kf3 g5 48.
Kg2 Kg4 49. f3+ Kf4 50. Kf2 h5 51. Kg2 h4 52. Kf2 h3 53. Kg1 Kxf3 54. Kh2 g4 55.
Kh1 g3 56. Kg1 g2 57. Kh2 Kf2 58. Kxh3 g1=Q 59. Kh4 Kf3 60. Kh5 Kf4 61. Kh6 Kf5 62. Kh7 0-1

[Event "Early-Titled-Tuesday-Blitz-January-23-2024"]
[Site "Chess.com"]
[Date "2024.01.23"]
[Round "8"]
[White "FoxOnTheRun97"]
[Black "Happy1712Drummer"]
[Result "1-0"]
[WhiteElo "2603"]
[BlackElo "2437"]
[TimeControl "180+1"]
[EndTime "9:28:15 PST"]
[Termination "FoxOnTheRun97 won on time"]

1. d4 d5 2. Bf4 e6 3. e3 Nf6 4. Nf3 Bd6 5. Bd3 b6 6. O-O Bb7 7. Ne5 Nbd7 8. Nd2 Ne4 9. f3 Nxd2 10.
Qxd2 O-O 11. Nxd7 Qxd7 12. Bxd6 Qxd6 13. c3 c5 14. Qe2 Rad8 15. Rad1 e5 16. dxc5 Qxc5 17.
Rfe1 e4 18. Bc2 exf3 19. gxf3 Rfe8 20. Rd4 Rd6 21. Kh1 Rde6 22. Qf2 Qe7 23. Rd3 g6 24. Kg1 Re5 25. f4 Re6 26. Bb3 Qc5 27. Rd4 a5 28. Bc2 Qe7 29. Bb3 Rxe3 30. Rxe3 Qxe3 31.
Qxe3 Rxe3 32. Bxd5 Bxd5 33. Rxd5 Kg7 34. Rd6 Re1+ 35.
Kf2 Ra1 36. Rxb6 Rxa2 37. Kf3 a4 38. c4 a3 39. bxa3 Rxa3+ 40. Ke4 Ra2 41. h4 Rh2 42. c5 Rxh4 43. c6 Rh1 44. Rb5 Rc1 45.
Kd5 Rd1+ 46. Ke5 Rc1 47. Kd6 h5 48. c7 h4 49. Rc5 Rd1+ 50. Kc6 h3 51. Rc2 Rg1 52. c8=Q Rg2 53. Rxg2 hxg2 54. Qg4 1-0

[Event "Early-Titled-Tuesday-Blitz-January-23-2024"]
[Site "Chess.com"]
[Date "2024.01.23"]
[Round "8"]
[White "Baronessa08"]
[Black "luckyswitchback"]
[Result "0-1"]
[WhiteElo "2535"]
[BlackElo "2708"]
[TimeControl "180+1"]
[EndTime "9:28:16 PST"]
[Termination "luckyswitchback won by resignation"]

1. d4 Nf6 2. c4 e6 3. Nf3 d5 4. g3 Bb4+ 5. Bd2 a5 6. Bg2 O-O 7. Qc2 c5 8. cxd5 cxd4 9. Nxd4 Qb6 10. e3 exd5 11. O-O Nc6 12. Nxc6 bxc6 13. Bc3 Ne4 14. Bxb4 axb4 15. Bxe4 dxe4 16. Nd2 Ba6 17. Nc4 Qc5 18. Rfc1 Rfe8 19. b3 Rad8 20. Rd1 Bxc4 21. bxc4 h5 22. Rxd8 Rxd8 23. Qxe4 g6 24. h4 Rd2 25.
Kg2 Qd6 26. Qf3 c5 27. Re1 Rxa2 28. Rd1 Rd2 29. Ra1 Kg7 30. Ra7 Qe6 31. Qf4 b3 32.
Rb7 b2 33. Qc7 Qf6 34. Qf4 Qxf4 35. gxf4 Rc2 36. Kf3 Kf6 37. Ke4 Rxc4+ 38. Kd3 Rb4 39. Rxb4 cxb4 40. Kc2 Kf5 41. Kxb2 Kg4 42. Kb3 Kxh4 43.
Kxb4 Kg4 0-1

[Event "Early-Titled-Tuesday-Blitz-January-23-2024"]
[Site "Chess.com"]
[Date "2024.01.23"]
[Round "8"]
[White "malakismayil"]
[Black "stasOR4ik"]
[Result "1-0"]
[WhiteElo "2563"]
[BlackElo "2411"]
[TimeControl "180+1"]
[EndTime "9:28:16 PST"]
[Termination "malakismayil won by resignation"]

1. e4 c6 2. d4 d5 3. Nc3 dxe4 4.
Nxe4 Nf6 5. Nxf6+ exf6 6. c3 Bd6 7. Bd3 O-O 8. Ne2 h5 9. Qc2 Re8 10. Bd2 h4 11. h3 Nd7 12. O-O Nf8 13. Rae1 Ne6 14.
f4 Bd7 15. f5 Ng5 16. Bf4 Qc7 17. Qd2 Ne4 18. Qc1 Re7 19. Bxd6 Qxd6 20. Rf4 Rae8 21. Rxh4 Bxf5 22. Rf1 Bg6 23. Nf4 c5 24. Nxg6 fxg6 25. Bc4+ Rf7 26. Bxf7+ Kxf7 27. Re1 f5 28. Rf4 cxd4 29.
cxd4 Qxd4+ 30. Qe3 Qxb2 31. Re2 Qb6 32. Qxb6 axb6 33. Rb2 Re6 34. Rf3 Nc5 35. Rf1 Kf6 36. Rfb1 Nd7 37. a4 g5 38. Rb5 f4 39. Rd1 Ne5 40. Kf2 g4 41. hxg4 g5 42. Rdb1 Nxg4+ 43. Kg1 Re2 44. Rxb6+ Kf5 45. Rxb7 Ne3 46. R7b2 Rxb2 47.
Rxb2 Nc4 48. Rb5+ Kf6 49. a5 g4 50. a6 f3 51. gxf3 gxf3 1-0

[Event "Early-Titled-Tuesday-Blitz-January-23-2024"]
[Site "Chess.com"]
[Date "2024.01.23"]
[Round "8"]
[White "Kopytkin"]
[Black "vova-79"]
[Result "0-1"]
[WhiteElo "2401"]
[BlackElo "2551"]
[TimeControl "180+1"]
[EndTime "9:28:16 PST"]
[Termination "vova-79 won on time"]

1. e4 c6 2. d4 d5 3. exd5 cxd5 4.
c4 Nf6 5. Nc3 g6 6. Nf3 Bg7 7.
h3 O-O 8. c5 Ne4 9. Bd3 Nxc3 10. bxc3 b6 11. cxb6 axb6 12. O-O Ba6 13. Bg5 Nc6 14.
a4 Bxd3 15. Qxd3 Na5 16. Rfe1 Re8 17. Qb5 Nc4 18. Ne5 Ra5 19. Qb4 Nxe5 20. dxe5 Qc7 21. f4 e6 22. Rab1 Bf8 23. Qb3 Rea8 24. Kh2 Rxa4 25.
Qxb6 Qxb6 26. Rxb6 h6 27. Bf6 Rxf4 28. Reb1 Rc4 29. R1b3 Rac8 30. Rb8 g5 31. Rxc8 Rxc8 32. g4 Kh7 33. Kg3 Kg6 34. Kf3 Bg7 35. Bxg7 Kxg7 36.
Ke3 Rc4 37. Kd3 Re4 38. Rb1 Rxe5 39. Rb7 Re1 40. Kd4 Rh1 41. Ke5 Rxh3 42. Rc7 Rg3 43. Kd6 Rxg4 44. Ke7 Rf4 45. Ke8 h5 0-1

[Event "Early-Titled-Tuesday-Blitz-January-23-2024"]
[Site "Chess.com"]
[Date "2024.01.23"]
[Round "8"]
[White "Chernobay_Artem"]
[Black "Predo63"]
[Result "1-0"]
[WhiteElo "2623"]
[BlackElo "2476"]
[TimeControl "180+1"]
[EndTime "9:28:17 PST"]
[Termination "Chernobay_Artem won by checkmate"]

1. d4 d5 2. c4 c6 3. Nf3 Nf6 4.
Nc3 Bf5 5. cxd5 Nxd5 6. Qb3 Qb6 7. Nxd5 Qxb3 8. axb3 cxd5 9. e3 Nc6 10. Bd2 Bd7 11.
b4 e6 12. b5 Ne7 13. Ne5 f6 14.
Nxd7 Kxd7 15. Bd3 Nc8 16. Ke2 Bd6 17. Ra2 Bc7 18. h4 h6 19. b3 Rb8 20. Bb4 Bd6 21.
Bc5 b6 22. Bxd6 Kxd6 23. Rc1 Rb7 24. Rc6+ Kd7 25. Rac2 Ne7 26. e4 Rd8 27. h5 dxe4 28. Bxe4 Nd5 29. R6c4 Ke7 30. g3 Rbd7 31. Rd2 f5 32.
Bf3 Nf6 33. Ke3 e5 34. Ra4 e4 35. Bd1 Nd5+ 36. Ke2 Nc3+ 37. Ke3 Nxa4 38. bxa4 Rc8 39. g4 fxg4 40. Bxg4 Rc3+ 41. Kxe4 Rd6 42. d5 Rf6 43. f4 Kd6 44. Be2 Ra3 45. Rd4 Ra2 46.
Bd3 Rf2 47. Ke3 Rh2 48. Be4 Rxh5 49. Rc4 Rh3+ 50. Bf3 Kd7 51. Ke4 Rh2 52. Bg4+ Kd8 53.
Rc8+ Ke7 54. Rc7+ Kf8 55. Rxa7 Rb2 56. Be6 Rb4+ 57. Ke5 Rfxf4 58. Ra8+ Ke7 59. d6# 1-0